 Dungeon Crawl Stone Soup version 0.21.1-1-g345015f (webtiles) character file.

85 troglodite the Sneak (level 4, 0/29 HPs)
             Began as an Octopode Assassin on Mar 7, 2018.
             Slain by a goblin
             ... wielding a +0 club
             ... led by Robin
              (6 damage)
             ... on level 2 of the Dungeon.
             The game lasted 00:03:19 (1239 turns).

troglodite the Sneak (Octopode Assassin)            Turns: 1239, Time: 00:03:20

Health: 0/29       AC:  1    Str: 11    XL:     4   Next: 48%
Magic:  4/4        EV:  8    Int: 13    God:
Gold:   101        SH: 10    Dex: 13    Spells: 4/4 levels left

rFire    . . .     SeeInvis .   j - +1 dagger (elec)
rCold    . . .     Gourm    .   q - +0 large shield
rNeg     . . .     Faith    .   (helmet restricted)
rPois    .         Spirit   .   (no amulet)
rElec    .         Reflect  .   e - ring of resist corrosion
rCorr    +         Harm     .   (no ring)
MR       .....                  (no ring)
Stlth    +++++.....             (no ring)
HPRegen  0.09/turn              (no ring)
MPRegen  0.09/turn              (no ring)
                                (no ring)
                                (no ring)

@: no status effects
A: almost no armour, stealthy swim, amphibious, 8 rings, constrict 8, camouflage
1, gelatinous body 1
a: no special abilities


You were on level 2 of the Dungeon.
You were not hungry.

You visited 1 branch of the dungeon, and saw 2 of its levels.

You collected 101 gold pieces.

Inventory:

Hand Weapons
 b - a +0 blowgun
 g - a +0 hunting sling
 j - a +1 dagger of electrocution (weapon)
Missiles
 c - 8 poisoned needles
 d - 2 curare-tipped needles
 o - 47 stones (quivered)
Armour
 q - a +0 large shield (worn)
Jewellery
 e - a ring of resist corrosion (left tentacle)
Scrolls
 a - a scroll of fear {unknown}
 i - 2 scrolls of enchant armour {unknown}
 k - a scroll of immolation {unknown}
 l - a scroll of fog {unknown}
 n - 3 scrolls of teleportation {unknown}
 p - 2 scrolls of identify {unknown}
 r - a scroll of noise {unknown}
 s - a scroll of enchant weapon {unknown}
 u - a scroll of remove curse {unknown}
Potions
 h - 2 potions of curing {unknown}
 m - a potion of heal wounds {unknown}
 v - a potion of agility {unknown}
Comestibles
 f - a ration


   Skills:
 * Level 2.2 Fighting
 + Level 2.0 Short Blades
 * Level 0.3(1.2) Slings
 + Level 2.0 Throwing
 * Level 1.3 Dodging
 * Level 7.4 Stealth
 * Level 0.2 Shields
 * Level 0.5 Spellcasting


You had 4 spell levels left.
You didn't know any spells.

Dungeon Overview and Level Annotations

Branches:
Dungeon (2/15)

Altars:

Annotations:
D:2 Robin


Innate Abilities, Weirdness & Mutations

You cannot wear most types of armour.
You are very stealthy in the water. (Stealth+)
You are amphibious.
You can wear up to eight rings at the same time.
You can use your tentacles to constrict eight enemies at once.
Your skin changes colour to match your surroundings (Stealth+).
Your rubbery body absorbs attacks. (AC +1, EV +1)


Message History

The goblin shouts!
You hit the hobgoblin but do no damage.
Lightning courses through the hobgoblin!
You kill the hobgoblin!
The goblin hits you with a club. You block the goblin's attack.
Robin throws the goblin at you! The goblin hits you with a club. x2
A hobgoblin comes into view.
Unknown command.
Your shield prevents you from hitting the goblin.
Your grab misses the goblin. The goblin barely misses you.
You block the goblin's attack. Robin throws the goblin at you!
You block the goblin's attack. x2; The goblin hits you but does no damage.
The goblin hits you with a dagger. The goblin hits you with a club.
You hit the goblin.
You kill the goblin!
The goblin hits you. The hobgoblin hits you. The goblin barely misses you.
The goblin hits you with a dagger.
* * * LOW HITPOINT WARNING * * *
The goblin hits you with a club.
You die...

...)#.#.##.##...
....#.......#.# .#
##.....##.....###.#
..................#
###..............#
#...............#
#.....#.#.......#
.#.......#.....)g####
.#..#.##.#....!g@g..#
....#.......#..ggg..#
.#.........##...g...#
...........##.......#
#..........##...g...#
#..........##..g....#
#....########.......#
##.).## #.......#
.#....#


You could see Robin, 2 hobgoblins and 6 goblins.

Vanquished Creatures
  Jessica (D:2)
  An adder (D:2)
  A worm (D:2)
  4 leopard geckos (D:2)
  2 ball pythons
  2 giant cockroaches (D:2)
  5 hobgoblins
  6 kobolds
  7 bats
  2 frilled lizards
  5 goblins
  4 rats
40 creatures vanquished.

Notes
Turn   | Place    | Note
-------+----------+-------------------------------------------
     0 | D:1      | troglodite the Octopode Assassin began the quest for the Orb.
     0 | D:1      | Reached XP level 1. HP: 14/14 MP: 1/1
   166 | D:1      | Reached XP level 2. HP: 19/19 MP: 2/2
   192 | D:1      | Reached skill level 6 in Stealth
   498 | D:2      | Reached XP level 3. HP: 24/24 MP: 3/3
   905 | D:2      | Reached skill level 7 in Stealth
  1014 | D:2      | Noticed Jessica
  1030 | D:2      | Killed Jessica
  1030 | D:2      | Reached XP level 4. HP: 29/29 MP: 4/4
  1234 | D:2      | Noticed Robin
  1239 | D:2      | Slain by a goblin

Skill      XL: |  1  2  3 |
---------------+----------+-----
Stealth        | 6 7 |  7.4
Fighting       | |  2.2
Short Blades   | |  2.0
Slings         | |  0.3
Throwing       | |  2.0
Dodging        | |  1.3
Shields        | |  0.2
Spellcasting   | |  0.5

Action                   |  1- 3 |  4- 6 || total
-------------------------+-------+-------++-------
Melee: Dagger            |    58 |     7 ||    65
       Constrict         |    15 |       ||    15
       Tentacles         |     7 |     1 ||     8
 Stab: Sleeping          |    15 |     1 ||    16
  Eat: Chunk             |       |     1 ||     1
Armor: Skin              |     5 |     1 ||     6
Dodge: Dodged            |    32 |     3 ||    35
Block: Large shield      |     4 |     4 ||     8
